 Dungeon Crawl Stone Soup version 0.20.1-1-g8b1a95d (webtiles) character file.

69 pTCGFNYNwU3Fd6TS the Skirmisher (level 4, -5/41 HPs)
             Began as a Hill Orc Fighter on Nov 2, 2017.
             Killed by nerve-wracking pain
             ... invoked by a shadow imp
             ... summoned by Natasha
              (9 damage)
             ... on level 1 of the Dungeon.
             The game lasted 00:10:31 (1382 turns).

pTCGFNYNwU3Fd6TS the Skirmisher (Hill Orc Fighter)  Turns: 1382, Time: 00:10:32

Health: -5/41      AC:  9    Str: 19    XL:     4   Next: 20%
Magic:  4/4        EV:  7    Int:  8    God:
Gold:   98         SH:  9    Dex: 10    Spells: 3/3 levels left

rFire    . . .     SeeInvis .   a - +0 war axe
rCold    . . .     Gourm    .   c - +0 shield
rNeg     . . .     Faith    +   b - +0 scale mail
rPois    .         Spirit   .   k - +0 helmet
rElec    .         Reflect  .   (no cloak)
rCorr    .         Harm     .   (no gloves)
MR       .....                  p - +0 pair of boots
Stlth    ..........             h - amulet of faith
Regen    0.2/turn               (no ring)
MPRegen  0.1/turn               (no ring)

@: slowed, very slow
A: no striking features
a: no special abilities


You were on level 1 of the Dungeon.
You were hungry.

You visited 1 branch of the dungeon, and saw 3 of its levels.

You collected 98 gold pieces.

Inventory:

Hand Weapons
 a - a +0 war axe (weapon)
 g - a +1 dagger of freezing
Missiles
 o - 75 stones (quivered)
Armour
 b - a +0 scale mail (worn)
 c - a +0 shield (worn)
 k - a +0 helmet (worn)
 p - a +0 pair of boots (worn)
Jewellery
 h - an amulet of faith (around neck)
Scrolls
 e - 2 scrolls of random uselessness
 j - 2 scrolls of identify
 l - 2 scrolls of teleportation
 n - a scroll of fog
Potions
 d - a potion of might
 m - a potion of flight {unknown}
 q - a potion of curing {unknown}
 s - a potion of lignification {unknown}
Comestibles
 f - 3 bread rations
 i - 3 meat rations


   Skills:
 * Level 4.3 Fighting
 * Level 4.0 Axes
 + Level 3.8 Armour
 + Level 3.7 Shields


You had 3 spell levels left.
You didn't know any spells.

Dungeon Overview and Level Annotations

Branches:
Dungeon (3/15)

Altars:

Annotations:
D:1 Natasha
D:2 Sigmund


Message History

A magic dart appears from out of thin air!
The magic dart hits you!
* * * LOW HITPOINT WARNING * * *
Natasha closely misses you.
Natasha mumbles some strange words.
Natasha stares at you and mumbles some strange words.
You feel yourself slow down.
There is an escape hatch in the ceiling here.
You block Natasha's attack. Natasha claws you but does no damage.
Something hits you!
* * * LOW HITPOINT WARNING * * *
A mysterious force pulls you upwards. The hatch slams shut behind you.
The white imp disappears in a puff of smoke!
Natasha claws you but does no damage. Natasha closely misses you.
Natasha mumbles some strange words.
Natasha casts a spell.
The shadow imp gestures at you. Pain shoots through your body!
You die...

...รท..##.......######.###########
####..######..#.###.#.#..........
###....>####......#.#.#######....
#..(###....#..#.....#'# #....
#.#####...............# #####..>.
..# #..#######.....#####........
### #.## #....)......###.... ##
##.##########....###### #####
.####..##...5h5.@.####
.......)..######### .....######
..#.## .##..##### .........#
###......# #......# ##.....#


You could see Natasha, a crimson imp and a shadow imp.

Vanquished Creatures
  Natasha (D:2)
  A worm (D:2)
  3 dart slugs
  3 giant cockroaches
  3 goblins
  3 hobgoblins (D:1)
  5 kobolds
  2 quokkas (D:2)
  3 bats
  2 frilled lizards
  10 rats
36 creatures vanquished.

Notes
Turn   | Place    | Note
-------+----------+-------------------------------------------
     0 | D:1      | pTCGFNYNwU3Fd6TS the Hill Orc Fighter began the quest for the Orb.
     0 | D:1      | Reached XP level 1. HP: 19/19 MP: 1/1
   271 | D:1      | Reached XP level 2. HP: 27/27 MP: 2/2
   811 | D:2      | Reached XP level 3. HP: 30/33 MP: 3/3
  1163 | D:2      | Noticed Natasha
  1171 | D:2      | Killed Natasha
  1171 | D:2      | Reached XP level 4. HP: 32/41 MP: 4/4
  1337 | D:2      | Noticed Sigmund
  1355 | D:2      | Noticed Natasha
  1382 | D:1      | Killed from afar by a shadow imp

Skill      XL: |  1  2  3 |
---------------+----------+-----
Axes           | 3 4 |  4.0
Fighting       | 4 |  4.3
Armour         | |  3.8
Shields        | |  3.7

Action                   |  1- 3 |  4- 6 || total
-------------------------+-------+-------++-------
Melee: War axe           |   102 |    14 ||   116
  Use: Scroll            |     4 |       ||     4
  Eat: Chunk             |       |     1 ||     1
Armor: Scale mail        |    58 |    10 ||    68
Dodge: Dodged            |    45 |     8 ||    53
Block: Shield            |    62 |     5 ||    67
